 Dungeon Crawl Stone Soup version 0.31-a0-1068-g5939ac1fb6 (webtiles) character file.

Game seed: 17066184738379188076

9 Azuregosa the Sneak (level 2, -7/21 HPs)
             Began as an Octopode Delver on Nov 24, 2023.
             Mangled by an iguana (12 damage)
             ... on level 4 of the Dungeon.
             The game lasted 00:01:14 (253 turns).

Azuregosa the Sneak (Octopode Delver)                Turns: 253, Time: 00:01:16

Health: -7/21      AC:  1    Str: 11    XL:     2   Next: 16%
Magic:  2/2        EV: 13    Int: 12    God:
Gold:   0          SH:  0    Dex: 13    Spells: 1/1 levels left

rFire   . . .        h - +0 mace
rCold   . . .        (no shield)
rNeg    . . .        (helmet restricted)
rPois   .            (no amulet)
rElec   .            (no ring)
rCorr   .            (no ring)
SInv    .            (no ring)
Will    .....        (no ring)
Stlth   ++++         (no ring)
HPRegen 0.23/turn    (no ring)
MPRegen 0.08/turn    (no ring)
                     (no ring)

%: no passive effects
@: no status effects
A: almost no armour, amphibious, 8 rings, camouflage 1, gelatinous body 1,
(nimble swimmer 1), tentacles
a: no special abilities


You were on level 4 of the Dungeon.
You visited 1 branch of the dungeon, and saw 2 of its levels.

Inventory:

Hand Weapons
 h - a +0 mace (weapon)
Wands
 e - a wand of digging (3)
Scrolls
 a - a scroll of fog
 b - a scroll of identify {unknown}
 c - a scroll of fear
Potions
 d - a potion of haste
 f - a potion of invisibility {unknown}
 g - 2 potions of curing {unknown}
 i - a potion of brilliance {unknown}


   Skills:
 - Level 3.0 Fighting
 - Level 2.0 Dodging
 + Level 7.2 Stealth
 - Level 2.0 Unarmed Combat


You had one spell level left.
You didn't know any spells.
Your spell library was empty.

Dungeon Overview and Level Annotations

Branches:
Dungeon (5/15)
 Temple: D:4-7

Altars:


Innate Abilities, Weirdness & Mutations

You cannot wear most types of armour.
You are amphibious.
You can wear up to eight rings at the same time.
Your skin changes colour to match your surroundings (Stealth+).
Your rubbery body absorbs attacks. (AC +1, EV +1)
((You are camouflaged when in or above water. (Stealth+)))
You have tentacles for arms and can constrict up to eight enemies at once.


Message History

The quokka is severely wounded.
You constrict the quokka. The quokka closely misses you. The quokka bites you.
You barely miss the quokka.
The quokka is almost dead.
You constrict the quokka.
You kill the quokka!
You have reached level 2!
You start resting.
HP restored.
An endoplasm comes into view.
Found a yellow potion.
The helpless endoplasm fails to defend itself.
You thump the endoplasm!
You kill the endoplasm!
i - a yellow potion
Found a stone staircase leading down.
An endoplasm comes into view.
The endoplasm quivers.
The endoplasm hits you.
You sock the endoplasm!
You kill the endoplasm!
An iguana comes into view.
You hit the iguana. Your grab misses the iguana.
The iguana is lightly wounded.
The iguana bites you. The iguana closely misses you.
You hit the iguana but do no damage. Your grab misses the iguana.
The iguana is lightly wounded.
The iguana bites you.
You hit the iguana but do no damage. Your grab misses the iguana.
You squeeze the iguana!
The iguana is severely wounded.
The iguana bites you.
You hit the iguana but do no damage. You grab the iguana.
You squeeze the iguana, but do no damage.
The iguana is severely wounded.
You constrict the iguana. The iguana bites you!
* * * LOW HITPOINT WARNING * * *
The iguana bites you!
Ouch! That really hurt!
You die...

#.........###.....#########.
#####.##### ##.#### #. #.#
#.# #. #.# #.# ## ####.#####
#+## #........# #...##
#.##.###.##.....## # #..#
#.#.......# ....#
#..@l......
..................
##....###.......... #...##
#.#.......# #... ..##.....##
#### #...## #+##


You could see an iguana.

Vanquished Creatures
  A worm (D:4)
  2 endoplasms (D:4)
  A goblin (D:4)
  A quokka (D:4)
  A ball python (D:4)
6 creatures vanquished.

Notes
Turn   | Place    | Note
-------+----------+-------------------------------------------
     0 | D:5      | Azuregosa the Octopode Delver began the quest for the Orb.
     0 | D:5      | Reached XP level 1. HP: 16/16 MP: 1/1
     5 | D:5      | Noticed a black bear
    58 | D:4      | Noticed an iguana
   102 | D:4      | Noticed an iguana
   120 | D:4      | Reached skill level 7 in Stealth
   160 | D:4      | Reached XP level 2. HP: 15/21 MP: 2/2
   253 | D:4      | Mangled by an iguana

Illustrated notes

Levels and vault maps discovered:
D:4:      cheibrodos_old_hovel, layout_loops_corners,
          nicolae_wu_jian_immortal_techniques
D:5:      layout_basic

Skill      XL: |  1 |
---------------+----+-----
Stealth        | 7 |  7.2
Fighting       | |  3.0
Dodging        | |  2.0
Unarmed Combat | |  2.0

Action                     || total
---------------------------++-------
  Melee: Mace              ||    17
         Tentacles         ||     4
         Constrict         ||     3
         Unarmed           ||     1
         Punch             ||     1
    Use: Scroll            ||     1
   Stab: Sleeping          ||     1
 Armour: Skin              ||    11
  Dodge: Dodged            ||    12

Table legend: (Time is in decaauts)
 A = Elapsed time spent in this place.
 B = Non-inter-level travel time spent in this place.
 C = Inter-level travel time spent in this place.
 D = Time resting spent in this place.
 E = Time spent auto-exploring this place.
 F = Levels seen in this place.
 G = Mean time per level.
                   A        B        C        D        E       F      G
               +--------+--------+--------+--------+--------+-----+--------+
         Total |    258 |    258 |      0 |     34 |     81 |   2 |  129.0 |
       Dungeon |    258 |    258 |      0 |     34 |     81 |   2 |  129.0 |
               +--------+--------+--------+--------+--------+-----+--------+

Top non-repeatable levels by time:
     D:4: 221 daAuts
     D:5: 37 daAuts
